 Dungeon Crawl Stone Soup version 0.20.1-1-g8b1a95d (webtiles) character file.

643 Zachthehappycat the Sneak (level 7, -9/52 HPs)
             Began as a Spriggan Enchanter on Aug 27, 2017.
             Was an Initiate of Vehumet.
             Mangled by a two-headed ogre
             ... wielding a +0 giant club
              (14 damage)
             ... on level 5 of the Dungeon.
             The game lasted 00:27:22 (6716 turns).

Zachthehappycat the Sneak (Spriggan Enchanter)      Turns: 6716, Time: 00:27:22

Health: -9/52      AC: 23    Str:  4      XL:     7   Next: 26%
Magic:  1/23       EV:  4    Int: 18      God:    Vehumet [......]
Gold:   180        SH:  0    Dex: 13 (17) Spells: 8/16 levels left

rFire    . . .     SeeInvis +   n - +3 dagger (venom)
rCold    . . .     Gourm    .   (shield restricted)
rNeg     + + +     Faith    .   (armour currently unavailable)
rPois    +         Spirit   .   (helmet currently unavailable)
rElec    .         Reflect  .   (cloak currently unavailable)
rCorr    .         Harm     .   (gloves unavailable)
MR       +....     NoTele   +   (boots unavailable)
Stlth    +++.......             (no amulet)
Regen    0.2/turn               l - ring of magical power
MPRegen  0.2/turn               (no ring)

@: tree-form, very slightly contaminated
A: unfitting armour, see invisible, herbivore 3, low mp 1, robust 1, slow
metabolism 2, wild magic 1
a: Renounce Religion


You were on level 5 of the Dungeon.
You worshipped Vehumet.
Vehumet was noncommittal.
You were not hungry.
You were a tree.
You visited 2 branches of the dungeon, and saw 6 of its levels.

You collected 180 gold pieces.

Inventory:

Hand Weapons
 a - a +2 dagger
 n - a +3 dagger of venom (weapon)
Missiles
 d - 6 tomahawks of dispersal
 h - 157 stones (quivered)
Armour
 b - a +0 robe (melded)
Jewellery
 l - a ring of magical power (left branch)
Wands
 g - a wand of polymorph (2/24)
Scrolls
 e - a scroll of magic mapping
 f - 4 scrolls of remove curse
 j - a scroll of recharging
 k - 4 scrolls of amnesia
Books
 c - a book of Maledictions

   Spells                             Type                      Level
   a - Corona                         Hexes                        1
   b - Ensorcelled Hibernation        Hexes/Ice                    2
   c - Confuse                        Hexes                        3
   d - Tukima's Dance                 Hexes                        3
   e - Dazzling Spray                 Conjuration/Hexes            3
 i - a book of Cantrips

   Spells                             Type                      Level
   a - Confusing Touch                Hexes                        1
   b - Animate Skeleton               Necromancy                   1
   c - Summon Small Mammal            Summoning                    1
   d - Apportation                    Translocation                1
Comestibles
 o - 2 bread rations


   Skills:
 + Level 3.4 Short Blades
 + Level 1.5 Throwing
 + Level 6.0 Dodging
 + Level 6.6 Stealth
 + Level 5.1 Spellcasting
 + Level 5.5 Hexes


You had 8 spell levels left.
You knew the following spells:

 Your Spells              Type           Power        Failure   Level  Hunger
a - Corona                Hex            ####...      2%          1    None
b - Confuse               Hex            ####....     7%          3    ##.....
c - Dazzling Spray        Conj/Hex       ###...       19%         3    ##.....
d - Animate Skeleton      Necr           N/A          19%         1    None


Dungeon Overview and Level Annotations

Branches:
Dungeon (5/15)             Temple (1/1) D:4

Altars:
Ashenzari
Elyvilon
Fedhas
Hepliaklqana
Makhleb
Nemelex Xobeh
Okawaru
Qazlal
Ru
Trog
Vehumet
Xom
Yredelemnul
Zin
The Shining One


Innate Abilities, Weirdness & Mutations

You are very small and have problems with some larger weapons.
You are too small for most types of armour.
You have supernaturally acute eyesight. (SInv)
You are a herbivore.
((You cover ground extremely quickly.))
You need consume almost no food.
Your magical capacity is low. (-10% MP)
You are robust. (+10% HP)
Your spells are a little harder to cast, but a little more powerful.


Message History

You catch the helpless two-headed ogre completely off-guard!
You puncture the two-headed ogre!
The two-headed ogre is poisoned.
The two-headed ogre is severely wounded.
The quasit bites you but does no damage.
The quasit claws you but does no damage. x2
Aiming: Polymorph (will waste charges)
Press: ? - help, Shift-Dir - straight line, f/p - two-headed ogre
Aim: a two-headed ogre, wielding a giant club and a giant spiked club (severely wounded, poisoned, blind, chance to defeat MR: 28%)
The quasit resists with significant effort.
Evoking this partially-identified wand wasted a few charges.
The quasit bites you but does no damage.
The quasit claws you but does no damage.
The quasit barely misses you.
Aiming: Polymorph (will waste charges)
Press: ? - help, Shift-Dir - straight line, f/p - two-headed ogre
Aim: a two-headed ogre, wielding a giant club and a giant spiked club (severely wounded, poisoned, blind, chance to defeat MR: 28%)
The two-headed ogre easily resists.
Evoking this partially-identified wand wasted a few charges.
The two-headed ogre hits you with a giant club!
You die...

#...........,,**
#.........#**,*
*.........#**,**
*,........,,,,**
*##.#..#******,,
##.....##### *,*
#####.....(....#**,*
#..............#*,,*
#..♣O..........#*,**
#...5..........#..*,
#######..........,,,
#.........#,,,
##.........#*,,
#..........####
###..............
#.....###....###.
#..?....O.....#..


You could see a two-headed ogre (blind) and a quasit (blind).

Vanquished Creatures
  An ogre (D:4)
  3 wights (D:3)
  A crimson imp (D:5)
  An orc priest (D:3)
  A centaur skeleton (D:4)
  A worker ant (D:4)
  Natasha (thrice) (D:4)
  2 iguanas (D:4)
  2 howler monkey skeletons (D:4)
  6 adders
  An ooze (D:2)
  3 worms
  3 dart slugs
  A leopard gecko (D:2)
  9 orcs
  6 bats (D:1)
  5 giant cockroaches
  9 goblins
  10 hobgoblins
  9 jackals
  8 kobolds
  A quokka (D:3)
  3 ball pythons
  2 frilled lizards
  12 rats
103 creatures vanquished.

Notes
Turn   | Place    | Note
-------+----------+-------------------------------------------
     0 | D:1      | Zachthehappycat the Spriggan Enchanter began the quest for the Orb.
     0 | D:1      | Reached XP level 1. HP: 9/9 MP: 5/5
   590 | D:1      | Reached XP level 2. HP: 3/13 MP: 7/7
  1702 | D:1      | Reached XP level 3. HP: 12/16 MP: 8/8
  1995 | D:2      | Learned a level 3 spell: Confuse
  1999 | D:2      | Learned a level 3 spell: Dazzling Spray
  2350 | D:2      | Reached skill level 5 in Stealth
  2686 | D:2      | Reached XP level 4. HP: 16/21 MP: 10/10
  3539 | D:3      | Reached XP level 5. HP: 11/24 MP: 12/12
  5129 | D:3      | Reached skill level 5 in Dodging
  5129 | D:3      | Reached XP level 6. HP: 28/28 MP: 12/13
  5327 | D:3      | Reached skill level 5 in Hexes
  5528 | D:3      | Learned a level 1 spell: Animate Skeleton
  5700 | D:4      | Noticed Natasha
  5714 | D:4      | Killed Natasha
  5778 | D:4      | Reached skill level 1 in Throwing
  5845 | D:4      | Got a transparent longbow
  6057 | D:4      | Found a staircase to the Ecumenical Temple.
  6063 | Temple   | Entered the Ecumenical Temple
  6112 | Temple   | Became a worshipper of Vehumet
  6167 | D:4      | Noticed Natasha
  6173 | D:4      | Killed Natasha
  6173 | D:4      | Reached XP level 7. HP: 32/32 MP: 15/15
  6231 | D:4      | Noticed Natasha
  6246 | D:4      | Killed Natasha
  6422 | D:4      | Reached skill level 5 in Spellcasting
  6668 | D:5      | Entered Level 5 of the Dungeon
  6668 | D:5      | Noticed a two-headed ogre
  6701 | D:5      | Gained mutation: Your spells are a little harder to cast, but a little more powerful. [potion of mutation]
  6701 | D:5      | Gained mutation: Your magical capacity is low. (-10% MP) [potion of mutation]
  6701 | D:5      | Gained mutation: You are robust. (+10% HP) [potion of mutation]
  6716 | D:5      | Mangled by a two-headed ogre

Skill      XL: |  1  2  3  4  5  6  7 |
---------------+----------------------+-----
Spellcasting   | 3 4 5 |  5.1
Hexes          | 4 5 |  5.5
Dodging        | 4 5 6 |  6.0
Stealth        | 5 6 |  6.6
Short Blades   | 2 3 |  3.4
Throwing       | 1 |  1.5

Action                   |  1- 3 |  4- 6 |  7- 9 || total
-------------------------+-------+-------+-------++-------
Melee: Dagger            |   183 |   217 |    27 ||   427
 Cast: Corona            |    42 |    23 |       ||    65
       Dazzling Spray    |       |    29 |     7 ||    36
       Confuse           |       |     8 |       ||     8
Evoke: Wand              |       |       |     3 ||     3
  Use: Potion            |     2 |     4 |     2 ||     8
       Scroll            |     1 |     7 |     1 ||     9
 Stab: Sleeping          |     5 |     6 |       ||    11
       Confused          |       |     2 |       ||     2
       Invisible         |       |     2 |     2 ||     4
  Eat: Bread ration      |       |     1 |       ||     1
       Royal jelly       |       |     1 |       ||     1
Armor: Robe              |    23 |     9 |     4 ||    36
       Skin              |       |       |    33 ||    33
Dodge: Dodged            |   191 |   178 |    31 ||   400
